 Dungeon Crawl Stone Soup version 0.30-a0-1066-g63dfefce0d (webtiles) character file.

Game seed: 14091042771014225812

404 BubbleThief the Cudgeller (level 6, -3/60 HPs)
             Began as a Naga Cinder Acolyte on Apr 12, 2023.
             Was a High Priest of Ignis.
             Slain by Duvessa
             ... wielding a +8 rapier of electrocution
              (14 damage)
             ... on level 4 of the Dungeon.
             The game lasted 00:03:19 (2491 turns).

BubbleThief the Cudgeller (Naga Cinder Acolyte)     Turns: 2491, Time: 00:03:20

Health: -3/60      AC: 10    Str: 19    XL:     6   Next: 86%
Magic:  2/7        EV:  9    Int: 14    God:    Ignis [*****.]
Gold:   126        SH:  0    Dex:  6    Spells: 5/7 levels left

rFire   + . .      SeeInvis +    a - -1 mace (flame)
rCold   . . .      Faith    .    (no shield)
rNeg    . . .      Spirit   .    b - +0 robe
rPois   +          Reflect  .    (no helmet)
rElec   .          Rampage  .    c - scarf {+Inv}
rCorr   .                        (no gloves)
Will    .....                    (no barding)
Stlth   +                        (no amulet)
HPRegen 0.30/turn                (no ring)
MPRegen 0.10/turn                (no ring)

@: short of breath, fiery-armoured, very slow
A: AC +2, large, see invisible, deformed body, poison resistance, slowness 2,
spit poison 1, naga tail 1
a: Spit Poison, Renounce Religion, Evoke Invisibility, Fiery Armour, Foxfire
Swarm, Rising Flame


You were on level 4 of the Dungeon.
You worshipped Ignis.
Ignis was extremely pleased with you.
You visited 1 branch of the dungeon, and saw 4 of its levels.

You collected 126 gold pieces.

Inventory:

Hand Weapons
 a - a -1 mace of flaming (weapon)
 e - a +0 whip of venom
Armour
 b - a +0 robe (worn)
 c - a scarf of invisibility (worn)
Scrolls
 f - a scroll of fog {unknown}
 j - 2 scrolls of identify {unknown}
 k - a scroll of noise {unknown}
 l - 2 scrolls of poison {unknown}
 m - a scroll of magic mapping {unknown}
Potions
 d - a potion of attraction {unknown}
 g - a potion of curing {unknown}
 h - 3 potions of haste {unknown}
 i - a potion of ambrosia {unknown}
 n - a potion of flight {unknown}
 o - a potion of heal wounds {unknown}
 p - a potion of invisibility {unknown}


   Skills:
 + Level 4.9 Fighting
 * Level 6.3 Maces & Flails
 - Level 1.0 Spellcasting
 - Level 3.0 Fire Magic


You had 5 spell levels left.
You knew the following spells:

 Your Spells              Type           Power      Damage    Failure   Level
a - Scorch                Fire           18%        2d5       12%         2

Your spell library contained the following spells:

 Spells                   Type           Power      Damage    Failure   Level
 Slow                     Hex            0%         N/A       26%         1
 Confusing Touch          Hex            0%         N/A       61%         3
 Vampiric Draining        Necr           0%         2d6       61%         3


Dungeon Overview and Level Annotations

Branches:
Dungeon (4/15)
 Temple: D:4-7

Altars:
Dithmenos
Elyvilon

Annotations:
D:4 Dowan, Duvessa


Innate Abilities, Weirdness & Mutations

Your serpentine skin is tough. (AC +2)
You have supernaturally acute eyesight. (SInv)
Armour fits poorly on your strangely shaped body.
Your system is resistant to poisons. (rPois)
You cover ground very slowly.
You can spit poison.
You have a snake-like lower body.


Message History

Duvessa seems to speed up.
Unknown command.
You closely miss Duvessa.
Duvessa is moderately wounded.
You have got your breath back.
Duvessa barely misses you.
Duvessa hits you with a +8 rapier of electrocution.
* * * LOW HITPOINT WARNING * * *
Unknown command.
You hit Duvessa but do no damage.
Duvessa is moderately wounded.
Duvessa hits you but does no damage. Dowan closely misses you.
Unknown command.
Aiming: Spit Poison (1% risk of failure)
Press: ? - help, Shift-Dir - straight line, f/p - Duvessa
Aim: Duvessa, wielding a +8 rapier of electrocution and wearing a +0 chain mail (moderately wounded, fast, 75% to hit)
The splash of poison hits Duvessa but does no damage.
Duvessa is moderately wounded.
Duvessa closely misses you.
Dowan mumbles some strange words.
Dowan blinks!
Duvessa closely misses you.
Unknown command.
You hit Duvessa but do no damage.
Duvessa is moderately wounded.
Duvessa hits you with a +8 rapier of electrocution.
* * * LOW HITPOINT WARNING * * *
Duvessa is burned by your cloak of flames.
Duvessa is heavily wounded.
Unknown command.
You hit Duvessa. You burn Duvessa.
Duvessa is heavily wounded.
You have got your breath back.
Duvessa barely misses you.
Aiming: Spit Poison (1% risk of failure)
Press: ? - help, Shift-Dir - straight line, f/p - Duvessa
Aim: Duvessa, wielding a +8 rapier of electrocution and wearing a +0 chain mail (heavily wounded, fast, 75% to hit)
The splash of poison hits Duvessa.
Duvessa is poisoned.
Duvessa is heavily wounded.
Duvessa hits you with a +8 rapier of electrocution!
You die...

≈#.#........#........
~###........#........
............#........
#...........#.......
#...........#.....# ###
#...........#.....# ....
#...........#.....# .....
#.................#......
#...............@e.......
#..............P.........
#............_.P..PP.....
#..............P..PP.....
#...........PPPPe.PP.....
#.................PP.....
#.................PP.....
# ......PPPPPPP..... #


You could see Duvessa (fast, poisoned) and Dowan.

Vanquished Creatures
  Grinder (D:3)
  A scorpion (D:3)
  Terence (D:3)
  2 iguanas (D:4)
  3 adders (D:3)
  An orc (D:4)
  6 ball pythons
  7 bats
  A giant cockroach (D:4)
  9 goblins
  3 hobgoblins
  2 jackals (D:4)
  2 kobolds
  A quokka (D:1)
  3 frilled lizards
  9 rats
52 creatures vanquished.

Notes
Turn   | Place    | Note
-------+----------+-------------------------------------------
     0 | D:1      | BubbleThief the Naga Cinder Acolyte began the quest for the
                  | Orb.
     0 | D:1      | Reached XP level 1. HP: 21/21 MP: 2/2
   144 | D:1      | Reached XP level 2. HP: 27/28 MP: 3/3
   166 | D:1      | Learned a level 2 spell: Scorch
   818 | D:2      | Reached XP level 3. HP: 24/34 MP: 4/4
   868 | D:2      | You fall into a shaft and drop 1 floor!
   931 | D:3      | Reached skill level 4 in Maces & Flails
  1101 | D:3      | Noticed Grinder
  1117 | D:3      | Killed Grinder
  1118 | D:3      | Reached skill level 5 in Maces & Flails
  1118 | D:3      | Reached XP level 4. HP: 26/45 MP: 0/5
  1118 | D:3      | Reached XP level 5. HP: 30/51 MP: 0/6
  1118 | D:3      | Reached XP level 6. HP: 34/58 MP: 0/7
  1216 | D:3      | Noticed Terence
  1391 | D:3      | Found a shadowy altar of Dithmenos.
  1699 | D:3      | Identified the +5 scale mail of Ornamental Fun {Rampage
                  | rPois rF- Regen+}
  1725 | D:3      | Reached skill level 6 in Maces & Flails
  2034 | D:3      | Killed Terence
  2461 | D:4      | Found a white marble altar of Elyvilon.
  2472 | D:4      | Noticed Duvessa
  2478 | D:4      | Noticed Dowan
  2491 | D:4      | Slain by Duvessa

Illustrated notes

Levels and vault maps discovered:
D:1:      spicycebolla_arrival_ecumenical, layout_basic
D:2:      layout_basic, basic_altar, uniq_jessica, uniq_sigmund
D:3:      layout_loops_corners, mainiacjoe_overflow_brackets, uniq_grinder,
          uniq_terence
D:4:      layout_gridville, mainiacjoe_overflow_chevrons, grunt_decor_cap,
          uniq_duvessa

Skill      XL: |  1  2  3  4  5  6 |
---------------+-------------------+-----
Maces & Flails | 5 6 |  6.3
Fighting       | 4 |  4.9
Spellcasting   | |  1.0
Fire Magic     | |  3.0

Action                     |  1- 3 |  4- 6 || total
---------------------------+-------+-------++-------
  Melee: Mace              |    45 |    32 ||    77
   Cast: Scorch            |    11 |    28 ||    39
 Invoke: Fiery Armour      |     1 |     1 ||     2
Ability: Spit Poison       |     6 |    14 ||    20
 Armour: Robe              |    17 |    11 ||    28
  Dodge: Dodged            |    28 |    29 ||    57

Table legend: (Time is in decaauts)
 A = Elapsed time spent in this place.
 B = Non-inter-level travel time spent in this place.
 C = Inter-level travel time spent in this place.
 D = Time resting spent in this place.
 E = Time spent auto-exploring this place.
 F = Levels seen in this place.
 G = Mean time per level.
                   A        B        C        D        E       F      G
               +--------+--------+--------+--------+--------+-----+--------+
         Total |   3064 |   2874 |    190 |     98 |   2417 |   4 |  766.0 |
       Dungeon |   3064 |   2874 |    190 |     98 |   2417 |   4 |  766.0 |
               +--------+--------+--------+--------+--------+-----+--------+

Top non-repeatable levels by time:
     D:3: 1668 daAuts
     D:1: 1022 daAuts
     D:4: 282 daAuts
     D:2: 90 daAuts
